 Dungeon Crawl Stone Soup version 0.31-a0-441-g867994ef1c (webtiles) character file.

Game seed: 2924748494838215852

80 CraigForest the Shield-Bearer (level 4, 0/44 HPs)
             Began as a Troll Fighter on Aug 2, 2023.
             Slain by an ice beast (2 damage)
             ... on level 3 of the Dungeon.
             The game lasted 00:04:44 (1170 turns).

CraigForest the Shield-Bearer (Troll Fighter)       Turns: 1170, Time: 00:04:45

Health: 0/44       AC:  4    Str: 26    XL:     4   Next: 18%
Magic:  3/3        EV:  9    Int:  4    God:
Gold:   81         SH:  7    Dex:  9    Spells: 3/3 levels left

rFire   . . .        h - +2 whip (elec)
rCold   . . .        c - +0 kite shield
rNeg    . . .        b - +0 robe
rPois   .            (helmet restricted)
rElec   .            (no cloak)
rCorr   .            (gloves unavailable)
SInv    .            (boots unavailable)
Will    .....        (no amulet)
Stlth   +            k - ring of flight
HPRegen 1.07/turn    (no ring)
MPRegen 0.08/turn

%: no passive effects
@: flying
A: large, unfitting armour, claws 3, regeneration 1, shaggy fur 1, tough skin 1
a: no special abilities


You were on level 3 of the Dungeon.
You visited 1 branch of the dungeon, and saw 3 of its levels.

You collected 81 gold pieces.

Inventory:

Hand Weapons
 a - a +0 flail
 h - a +2 whip of electrocution (weapon)
Armour
 b - a +0 robe (worn)
 c - a +0 kite shield (worn)
Jewellery
 k - a ring of flight (left claw)
Scrolls
 e - a scroll of noise {unknown}
 f - 5 scrolls of identify {unknown}
 m - a scroll of vulnerability {unknown}
 p - a scroll of teleportation {unknown}
 r - 2 scrolls of summoning {unknown}
 s - a scroll of acquirement {unknown}
Potions
 d - a potion of might
 g - a potion of degeneration {unknown}
 i - a potion of heal wounds {unknown}
 j - 3 potions of haste {unknown}
 l - 2 potions of berserk rage {unknown}
 n - a potion of mutation {unknown}
 o - a potion of enlightenment {unknown}
 q - a potion of curing {unknown}


   Skills:
 + Level 2.9 Fighting
 + Level 2.6 Maces & Flails
 + Level 3.0 Dodging
 + Level 3.1 Shields


You had 3 spell levels left.
You didn't know any spells.
Your spell library contained the following spells:

 Spells                   Type           Power      Damage    Failure   Level
 Magic Dart               Conj           0%         1d3       75%         1
 Searing Ray              Conj           0%         2d4       87%         2
 Wereblood                Tmut           0%         N/A       87%         2
 Fulminant Prism          Conj/Hex       0%         3d5       100%        4
 Irradiate                Conj/Tmut      0%         3d11      100%        5


Dungeon Overview and Level Annotations

Branches:
Dungeon (3/15)

Altars:
Makhleb


Innate Abilities, Weirdness & Mutations

You are too large for most types of armour.
You have claws for hands.
Your natural rate of healing is unusually fast.
You are covered in fur. (AC +1)
You have tough skin. (AC +1)


Message History

Natasha claws you.
You hit Natasha.
Natasha is almost dead.
The ice beast hits you but does no damage.
Natasha claws you.
You hit Natasha.
You kill Natasha!
Natasha screams in fury as she dies!
The ice beast hits you. The ice beast freezes you! The orc closely misses you.
The orc hits you but does no damage. The ice beast hits you.
The ice beast freezes you!
* * * LOW HITPOINT WARNING * * *
Your Dodging skill increases to level 3!
You have reached level 4!
You hit the ice beast but do no damage.
The ice beast hits you but does no damage.
You block the orc's attack.
You hit the ice beast.
The ice beast is lightly wounded.
The ice beast hits you.
* * * LOW HITPOINT WARNING * * *
The ice beast freezes you.
* * * LOW HITPOINT WARNING * * *
The orc barely misses you.
You hit the ice beast.
Lightning courses through the ice beast!
The ice beast is severely wounded.
You block the ice beast's attack. You block the orc's attack.
You closely miss the ice beast.
The ice beast is severely wounded.
The ice beast hits you but does no damage.
The orc closely misses you.
You closely miss the ice beast.
The ice beast is severely wounded.
You block the ice beast's attack. The orc hits you with a +0 flail!
* * * LOW HITPOINT WARNING * * *
You barely miss the ice beast.
The ice beast is severely wounded.
The ice beast hits you.
You die...

##...........
.......>...
#.........#
#!........#
#.......# .
#.......#...
##...o)....#
#....@Y...#
#...#<#...##
... #.#..## .
.....#
.#.#..#
###.#...
#.#.#.#
#...... #..
..


You could see an ice beast and an orc.

Vanquished Creatures
  Natasha (D:3)
  An adder (D:2)
  A worm (D:2)
  An orc (D:3)
  4 ball pythons
  7 endoplasms
  A giant cockroach (D:2)
  3 hobgoblins (D:2)
  3 quokkas
  8 bats
  4 frilled lizards
  2 goblins (D:1)
  A kobold (D:2)
  4 rats
41 creatures vanquished.

Notes
Turn   | Place    | Note
-------+----------+-------------------------------------------
     0 | D:1      | CraigForest the Troll Fighter began the quest for the Orb.
     0 | D:1      | Reached XP level 1. HP: 22/22 MP: 0/0
   229 | D:1      | Reached XP level 2. HP: 29/29 MP: 1/1
   570 | D:2      | Found a burning altar of Makhleb.
   632 | D:2      | Reached XP level 3. HP: 36/36 MP: 2/2
  1156 | D:3      | Noticed Natasha
  1156 | D:3      | Noticed an ice beast
  1164 | D:3      | Killed Natasha
  1165 | D:3      | Reached XP level 4. HP: 9/44 MP: 3/3
  1169 | D:3      | HP: 1/44 [orc/+0 flail (7)]
  1170 | D:3      | Slain by an ice beast

Illustrated notes

Levels and vault maps discovered:
D:1:      lordsloth_arrival_two_stooges, layout_rooms
D:2:      layout_basic, minmay_curled_crystal, nrook_mini_vaults,
          minmay_hexomino_r4
D:3:      layout_rooms, grunt_temple_overflow_cloverleaf, uniq_natasha

Skill      XL: |  1  2  3 |
---------------+----------+-----
Maces & Flails | 2 |  2.6
Shields        | 3 |  3.1
Dodging        | 3 |  3.0
Fighting       | |  2.9

Action                     |  1- 3 |  4- 6 || total
---------------------------+-------+-------++-------
  Melee: Whip              |   105 |     6 ||   111
         Flail             |     5 |       ||     5
   Stab: Sleeping          |     2 |       ||     2
 Armour: Robe              |    40 |     2 ||    42
  Dodge: Dodged            |    55 |     2 ||    57
  Block: Kite shield       |    31 |     4 ||    35

Table legend: (Time is in decaauts)
 A = Elapsed time spent in this place.
 B = Non-inter-level travel time spent in this place.
 C = Inter-level travel time spent in this place.
 D = Time resting spent in this place.
 E = Time spent auto-exploring this place.
 F = Levels seen in this place.
 G = Mean time per level.
                   A        B        C        D        E       F      G
               +--------+--------+--------+--------+--------+-----+--------+
         Total |   1183 |    955 |    228 |      0 |    665 |   3 |  394.3 |
       Dungeon |   1183 |    955 |    228 |      0 |    665 |   3 |  394.3 |
               +--------+--------+--------+--------+--------+-----+--------+

Top non-repeatable levels by time:
     D:2: 666 daAuts
     D:1: 500 daAuts
     D:3: 17 daAuts
